 Dungeon Crawl Stone Soup version 0.26-a0-1176-g060ceda6a5 (webtiles) character file.

Game seed: 8118134939384786458

41 Anon1729 the Shooter (level 3, -2/20 HPs)
             Began as a Deep Elf Arcane Marksman on Dec 24, 2020.
             Slain by Robin
             ... wielding a +0 trident
              (5 damage)
             ... on level 1 of the Dungeon.
             The game lasted 00:02:31 (1438 turns).

Anon1729 the Shooter (Deep Elf Arcane Marksman)     Turns: 1438, Time: 00:02:31

Health: -2/20      AC:  2    Str:  4    XL:     3   Next: 32%
Magic:  7/7        EV: 13    Int: 17    God:
Gold:   27         SH:  0    Dex: 15    Spells: 4/5 levels left

rFire    . . .     SeeInvis .   h - +4 whip (venom)
rCold    . . .     Faith    .   (no shield)
rNeg     . . .     Spirit   .   e - +0 robe
rPois    .         Reflect  .   (no helmet)
rElec    .         Harm     .   (no cloak)
rCorr    .         Rampage  .   (no gloves)
Will     .....                  (no boots)
Stlth    +.........             (no amulet)
HPRegen  0.06/turn              i - -4 ring of strength (curse)
MPRegen  0.10/turn              (no ring)

@: mighty
A: no striking features
a: no special abilities


You were on level 1 of the Dungeon.
You visited 1 branch of the dungeon, and saw 2 of its levels.

You collected 27 gold pieces.

Inventory:

Hand Weapons
 a - a +0 shortbow
 h - a +4 whip of venom (weapon)
Missiles
 c - 6 atropa-tipped darts (quivered)
 d - 13 arrows
Armour
 e - a +0 robe (worn)
Jewellery
 i - a cursed -4 ring of strength (left hand)
Scrolls
 f - a scroll of fog {unknown}
 g - a scroll of identify {unknown}
Potions
 j - a potion of berserk rage {unknown}
 k - a potion of haste {unknown}


   Skills:
 - Level 0.7 Fighting
 + Level 5.0 Bows
 - Level 2.4 Dodging
 - Level 1.5 Spellcasting
 - Level 4.0 Hexes


You had 4 spell levels left.
You knew the following spells:

 Your Spells              Type           Power        Failure   Level
a - Corona                Hex            16%          3%          1

Your spell library contained the following spells:

 Spells                   Type           Power        Failure   Level
 Slow                     Hex            15%          6%          2
 Inner Flame              Hex/Fire       8%           26%         3
 Portal Projectile        Hex/Tloc       16%          26%         3
 Cause Fear               Hex            7%           36%         4
 Leda's Liquefaction      Hex/Erth       4%           65%         4


Dungeon Overview and Level Annotations

Branches:
Dungeon (2/15)

Altars:

Annotations:
D:1 Robin


Message History

Robin hits you with a +0 trident!
Ouch! That really hurt!
You climb upwards.
There is a stone staircase leading down here.
You see here a +0 club.
You are too injured to fight recklessly!
You are too injured to fight recklessly!
You hit Robin.
Robin is poisoned.
Robin is lightly wounded.
Robin hits you with a +0 trident.
* * * LOW HITPOINT WARNING * * *
Okay, then.
You barely miss Robin.
Robin is lightly wounded.
Robin hits you with a +0 trident.
* * * LOW HITPOINT WARNING * * *
It was a potion of might.
You feel very mighty all of a sudden. Robin hits you with a +0 trident.
You die...

...####....###...........#.#.#
...###.....# #####....####.#.#
.........### #...........####
######.### #...#######.....
.....#.# #...# ######
####.#.######### ##.## #
####.#.#.......####.### #
.......#.#####.#g.....# #
#.##.###)#####.#@##.#.# #
#.##.# #.##....#)##.#.#######
# .....#
#.##.................# #
####.# #............#.#####.#
####.# ####.####.##.#.# #.#
.....# ##...###......# #.#
######
##.###.....#.#######.####
##.## ##.##.#.# #.......# #.##
##.#.#.####.##.##.#


You could see Robin (very poisoned).

Vanquished Creatures
  2 dart slugs (D:1)
  A leopard gecko (D:1)
  A ball python (D:1)
  A giant cockroach (D:1)
  6 goblins
  6 hobgoblins (D:1)
  3 jackals (D:1)
  3 kobolds (D:1)
  5 bats (D:1)
  4 rats (D:1)
32 creatures vanquished.

Notes
Turn   | Place    | Note
-------+----------+-------------------------------------------
     0 | D:1      | Anon1729 the Deep Elf Arcane Marksman began the quest for
                  | the Orb.
     0 | D:1      | Reached XP level 1. HP: 11/11 MP: 5/5
    38 | D:1      | Reached skill level 3 in Bows
   141 | D:1      | Reached XP level 2. HP: 16/16 MP: 6/6
   211 | D:1      | Reached skill level 4 in Bows
   639 | D:1      | Reached XP level 3. HP: 13/20 MP: 7/7
   989 | D:2      | Noticed Robin
  1256 | D:2      | Reached skill level 5 in Bows
  1438 | D:1      | Slain by Robin

Illustrated notes

Levels and vault maps discovered:
D:1:      lightli_arrival_flooded_house, layout_loops_cross
D:2:      layout_loops_ring, uniq_terence, uniq_sigmund, uniq_robin,
          uniq_natasha

Skill      XL: |  1  2  3 |
---------------+----------+-----
Bows           | 3 4 5 |  5.0
Fighting       | |  0.7
Dodging        | |  2.4
Spellcasting   | |  1.5
Hexes          | |  4.0

Action                   || total
-------------------------++-------
Melee: Whip              ||    36
 Fire: Shortbow          ||    55
Throw: Dart              ||     3
 Cast: Corona            ||     1
  Use: Potion            ||     2
Armor: Robe              ||     9
Dodge: Dodged            ||    45

Table legend: (Time is in decaauts)
 A = Elapsed time spent in this place.
 B = Non-inter-level travel time spent in this place.
 C = Inter-level travel time spent in this place.
 D = Time resting spent in this place.
 E = Time spent auto-exploring this place.
 F = Levels seen in this place.
 G = Mean time per level.
                   A        B        C        D        E       F      G
               +--------+--------+--------+--------+--------+-----+--------+
         Total |   1450 |   1419 |     31 |    413 |    789 |   2 |  725.0 |
       Dungeon |   1450 |   1419 |     31 |    413 |    789 |   2 |  725.0 |
               +--------+--------+--------+--------+--------+-----+--------+

Top non-repeatable levels by time:
     D:1: 1432 daAuts
     D:2: 17 daAuts
